[Event "Cracovia Festival-A 2023"]
[Site "Krakow"]
[Date "2024.01.03"]
[Round "8.1"]
[White "Gumularz, Szymon"]
[Black "Pacan-Milej, Kosma"]
[Result "1/2-1/2"]
[ECO "B12"]
[WhiteElo "2576"]
[BlackElo "2425"]
[Annotator "TA"]
[PlyCount "119"]
[EventDate "2023.12.24"]
[EventType "swiss"]
[EventCountry "POL"]
[SourceTitle "playchess.com"]
[Source "ChessBase"]
[SourceQuality "1"]
[TimeControl "40/5400+30:1800+30"]

1. e4 c6 2. d4 d5 3. e5 Bf5 4. Nf3 e6 5. Be2 Nd7 6. O-O h6 7. a4 {[%emt 0:00:16] B12: Caro-Kann: Advance Variation.} Ne7 8. c3 Qc7 {[%emt 0:00:57] 8...a5 gains popularity.} 9. Na3 {[%emt 0:01:56] White is slightly better.} Bh7 {[%emt 0:07:09] [#]} 10. Re1 $146 ({Predecessor:} 10. b4 a5 11. Bd2 Nc8 12. Qb3 Ncb6 13. Rfc1 Be7 14. bxa5 Rxa5 15. c4 dxc4 16. Nxc4 Nxc4 17. Bxc4 {½-½ Bocharov,D (2506)-Nechaeva,M (2379) Eurasia Cup op 2019 (3)}) 10... a6 11. b4 Ng6 12. a5 Be7 13. Bd3 Ngf8 14. Bf1 Ng6 15. Ra2 O-O 16. Bd3 Rfe8 17. Nc2 {[%emt 0:01:50] White is more active.} f6 18. Qe2 (18. Na1 {seems wilder.} fxe5 19. Bxg6 Bxg6 20. Nxe5 Be4 21. f3) 18... fxe5 19. Nxe5 (19. Bxg6 {is interesting.} Bxg6 20. Nxe5 Nxe5 21. Bf4) 19... Ngxe5 20. Bxh7+ Kxh7 21. dxe5 c5 22. bxc5 Bxc5 23. Nd4 Bxd4 24. cxd4 Rac8 25. h4 Qc4 (25... Nb8 $11) 26. Qb2 Nb8 27. Qb1+ Kh8 28. Rb2 Nc6 {[%emt 0:08:07] [#]} (28... Qxd4 $2 29. Rxb7 (29. Be3 Qxh4 30. Rxb7 Qh5 $11) 29... Qxh4 30. Qg6 $16) 29. Bxh6 $1 Nxd4 (29... Nxa5 30. Qg6) 30. Rb4 (30. Qg6 $142 Qc7 31. Rb4) 30... Qc3 $16 {[%emt 0:01:27] [#]} (30... Ne2+ $2 31. Kh2 Qc2 32. Bxg7+ Kxg7 33. Rxb7+ Kh6 34. Rxe2 Qxb1 35. Rxb1 $18) 31. Rxb7 $1 Nf5 32. Bg5 Rc4 33. Qd1 {[%emt 0:12:52] Prevents Rg4.} Kg8 34. h5 (34. Qa1 $16) 34... Rd4 35. Qc1 (35. Qa1 $14 Qc6 36. Rb6) 35... Rc8 $2 (35... Qxa5 $11 {and Black stays safe.} 36. h6 Rg4) 36. Qxc3 $18 Rxc3 37. f3 {[%emt 0:07:45] Wards off Rg4} (37. Rb6 $18) 37... Rc2 $14 38. Reb1 (38. Ra1 $16) 38... Ra4 $1 $11 {[%emt 0:00:21] ...Raa2 would be deadly.} 39. Rb8+ ({White should try} 39. R7b2 $14 Rxb2 40. Rxb2) 39... Kh7 40. R1b2 $36 {[%emt 0:00:00][%mdl 2048] White has some pressure.} Ra1+ 41. Kh2 $1 Rxb2 42. Rxb2 {[%emt 0:00:05] Threatens to win with Rb6.} Rxa5 $14 {[%emt 0:02:17][%mdl 4096] Endgame KRB-KRN} 43. Rb6 d4 ({Black should play} 43... Nd4 $14) 44. Rxe6 $16 {[%emt 0:01:30] g4 is the strong threat.} d3 45. Re8 Rd5 (45... Nd4 $16) 46. Bd2 $18 Nd4 (46... Rb5 $142) 47. f4 $1 Nb3 {[%emt 0:11:12] [#]} 48. e6 $1 {[%emt 0:00:42][%cal Oe6e7] And now e7! would win.} Rxh5+ {[%emt 0:01:52] [#]} (48... Nxd2 $2 49. e7 Rxh5+ 50. Kg1) 49. Kg1 $1 Rh6 {[%emt 0:01:31] [#]} (49... Nxd2 $2 50. Rh8+ Kxh8 51. e7) 50. f5 $2 Nxd2 $11 {[%emt 0:01:40] KRN-KR. The position is equal.} 51. e7 {[%emt 0:00:06] White wants to mate with Rd8.} Nc4 {[%emt 0:01:29] Hoping for ...Nd6.} 52. f6 {[%emt 0:13:56] Black must now prevent Rd8.} Nd6 (52... Rxf6 $2 53. Rh8+ Kxh8 54. e8=Q+ (54. e8=B {gets mated.} d2 55. Ba4 Nb2 56. Bc2 d1=Q+ 57. Bxd1 Nxd1 58. Kh1 a5 59. Kh2 a4 60. Kh3 a3 61. g4 a2 62. Kh4 a1=Q 63. g5 Qd4+ 64. Kg3 Qf4+ 65. Kh3 Qxg5 66. Kh2 Rh6#) 54... Kh7 55. Qe4+ Rg6 56. Qxc4 $18) (52... gxf6 53. Rd8 Ne5 54. e8=Q (54. e8=B $2 {is the wrong capture.} Rh4 $19) (54. e8=B $2 Rh4 $19)) 53. Rd8 Rxf6 {[%emt 0:00:10] ( -> ...d2)} 54. Rxd6 $1 {[%emt 0:00:02][%mdl 64] Remove Defender} Rxd6 55. e8=Q {[%emt 0:00:04] Inhibits Re6. KQ-KR} (55. e8=B {is a self mate.} d2 56. Bh5 d1=Q+ 57. Bxd1 Rxd1+ 58. Kf2 a5 59. Ke2 Rd6 60. Ke3 a4 61. g4 a3 62. Kf4 a2 63. Ke5 Rd1 64. g5 a1=Q+ 65. Kf4 Rd4+ 66. Kf5 Qa5+ 67. Ke6 Qe1+ 68. Kf7 Rf4#) 55... d2 56. Qh5+ Kg8 57. Qe8+ Kh7 58. Qh5+ Kg8 59. Qd1 a5 60. Qb3+ {[%emt 0:01:34] Black escapes into a draw.   Weighted Error Value: White=0.22 (precise) /Black=0.23 (precise)} 1/2-1/2

[Event "Cracovia Festival-A 2023"]
[Site "Krakow"]
[Date "2024.01.03"]
[Round "8.2"]
[White "Podolskyi, Mykhailo"]
[Black "Keinanen, Toivo"]
[Result "0-1"]
[ECO "A40"]
[WhiteElo "2177"]
[BlackElo "2522"]
[Annotator "TA"]
[PlyCount "104"]
[EventDate "2023.12.24"]
[EventType "swiss"]
[EventCountry "POL"]
[SourceTitle "playchess.com"]
[Source "ChessBase"]
[SourceQuality "1"]
[TimeControl "40/5400+30:1800+30"]

1. d4 e6 2. c4 b6 3. Nf3 Bb7 4. a3 f5 5. Nc3 Nf6 6. g3 Be7 7. Bg2 Ne4 8. Qc2 Nxc3 9. Qxc3 O-O 10. O-O Bf6 11. Rd1 Be4 12. b4 {[%emt 0:09:03] A40: Unusual replies to 1 d4.} d6 13. Bb2 Qe7 14. Qb3 {[%emt 0:02:33] The position is equal.} Nd7 {[%emt 0:03:41] [#]} 15. Rac1 $146 ({Predecessor:} 15. Ne1 Kh8 16. Rac1 a5 17. b5 a4 18. Qb4 Bg5 19. e3 Bf6 20. Bc3 Qf7 21. Qb2 {0-1 Chiong Zacarias,R (2373)-Rychagov,A (2551) Internet Section 18-B blitz 2003 (5)}) 15... a5 16. Ne1 Bxg2 17. Nxg2 Kh8 18. Nf4 Rfe8 19. e3 Kg8 20. b5 Qf7 21. Qc2 g5 22. Ng2 Bg7 23. f4 h6 24. e4 Qg6 ({Better is} 24... Nf6 $11) 25. Re1 (25. e5 $14) 25... Nf6 $11 26. e5 Ne4 27. Rcd1 Rad8 28. Kh1 Qh5 29. Kg1 $1 Qg6 30. Rd3 Rd7 31. Rdd1 Red8 32. Rf1 Qh5 (32... Kh7 $142) 33. Rde1 $2 (33. d5 $1 $11 {and White has nothing to worry.} dxe5 34. fxe5) 33... dxe5 $1 $19 34. fxe5 {[%emt 0:00:01][%cal Od4d5] [#]} Bxe5 35. Rxe4 (35. d5 $17 {was the only defense.} Bd6 36. Ne3 (36. Rxe4 fxe4 37. Qxe4 Re7 $17)) 35... fxe4 36. Qxe4 {[%emt 0:00:32] [#]} Bg7 (36... Bxd4+ 37. Bxd4 Rxd4 38. Qxe6+ Kh8 39. g4 $11) 37. Qxe6+ (37. Ne3 {is a better defense.}) 37... Kh8 38. Ne3 Qe8 ({Don't do} 38... Bxd4 39. Bxd4+ Rxd4 40. Nd5 R4xd5 41. cxd5 $18 (41. Qf6+ Kg8 $14)) 39. Qxe8+ Rxe8 40. Nf5 Rf7 {[%emt 0:00:00] Threatens to win with ...Re2.} 41. g4 (41. Rf2 $142) 41... h5 42. gxh5 $2 (42. Nxg7 Rxf1+ 43. Kxf1 Kxg7 44. gxh5) 42... Ref8 43. h6 Bxh6 (43... Rxf5 $2 {loses.} 44. Rxf5 Rxf5 45. hxg7+ Kxg7 46. Kg2 $19) 44. d5+ Kh7 45. Ng3 Rxf1+ 46. Nxf1 Bg7 47. Bxg7 Kxg7 {[%emt 0:00:01] KR-KN} 48. Ne3 Rf3 49. d6 cxd6 (49... Rxe3 $2 50. dxc7 Re8 51. c5 bxc5 52. b6 $18) 50. Nd5 Rxa3 (50... a4 $142 51. Nxb6 Rxa3) 51. Nxb6 a4 {[%emt 0:00:57] ( -> ...Ra1+)} 52. Nd5 Rb3 {[%emt 0:01:27] Weighted Error Value: White=0.83/Black=0.24 (precise)} 0-1

[Event "Cracovia Festival-A 2023"]
[Site "Krakow"]
[Date "2024.01.03"]
[Round "8.3"]
[White "Akbas, Umut Ata"]
[Black "Bogdanov, Egor"]
[Result "1/2-1/2"]
[ECO "E32"]
[WhiteElo "2446"]
[BlackElo "2394"]
[Annotator "RC"]
[PlyCount "75"]
[EventDate "2023.12.24"]
[EventType "swiss"]
[EventCountry "POL"]
[SourceTitle "playchess.com"]
[Source "ChessBase"]
[SourceQuality "1"]
[TimeControl "40/5400+30:1800+30"]

1. d4 Nf6 2. c4 e6 3. Nc3 Bb4 4. Qc2 O-O 5. a3 Bxc3+ 6. Qxc3 b6 7. Bg5 Bb7 8. f3 d5 9. e3 dxc4 10. Bxc4 Nbd7 11. Nh3 h6 12. Bh4 c5 13. dxc5 Nxc5 14. Rd1 Nd5 15. Qd4 Nxe3 16. Qxd8 Raxd8 17. Bxd8 Nxd1 18. Be7 Re8 19. Bxc5 Nxb2 20. Bb5 Rd8 21. Bg1 Rd1+ 22. Kf2 e5 23. Ke3 f5 24. Nf2 Rd5 25. a4 a6 26. Bd3 e4 27. fxe4 Rxd3+ 28. Nxd3 Nxd3 29. Bf2 Bxe4 30. Ra1 b5 31. axb5 axb5 32. Ra5 Ne5 33. Rxb5 Ng4+ 34. Ke2 Nxh2 35. g3 g5 36. Rb6 Ng4 37. Bd4 Kf7 38. Bc3 1/2-1/2

[Event "Cracovia Festival-A 2023"]
[Site "Krakow"]
[Date "2024.01.03"]
[Round "8.4"]
[White "Janik, Igor"]
[Black "Puranik, Abhimanyu"]
[Result "1/2-1/2"]
[ECO "A08"]
[WhiteElo "2514"]
[BlackElo "2627"]
[Annotator "TA"]
[PlyCount "58"]
[EventDate "2023.12.24"]
[EventType "swiss"]
[EventCountry "POL"]
[SourceTitle "playchess.com"]
[Source "ChessBase"]
[SourceQuality "1"]
[TimeControl "40/5400+30:1800+30"]

1. Nf3 d5 2. g3 c5 3. Bg2 g6 4. c3 Bg7 5. d4 Nd7 6. O-O {[%emt 0:00:27][%cal Oc3c4] A08: King's Indian Attack.} Ngf6 7. a4 b6 8. Ne5 O-O {[%emt 0:02:51] [#]} 9. a5 $146 ({Predecessor:} 9. Bf4 Bb7 10. a5 Rc8 11. Qb3 Nh5 12. axb6 Nxf4 13. gxf4 axb6 14. Ra7 Nxe5 15. fxe5 {1-0 Bayer,J (2183)-Siigur,J (2427) VW-Cup12 Gr15 email 2019}) 9... Ba6 10. Bf4 Qc8 11. Re1 Rd8 12. Qa4 Nxe5 13. Bxe5 Qf5 14. Bxf6 Qxf6 ({But not} 14... exf6 15. e4 Qc8 16. exd5 $14) 15. e3 $1 e5 (15... b5 {simplifies} 16. Qc2 Qd6 17. Nd2 Rac8) 16. dxe5 {[%emt 0:01:01] The position is equal.} Qxe5 17. axb6 axb6 {[%emt 0:00:08] [#] aiming for ...Bb7.} 18. Nd2 Qc7 19. Qb3 Bb7 20. Rxa8 Rxa8 21. Rd1 (21. Bxd5 $2 {loses.} Bxd5 22. Qxd5 Rd8 $19) 21... Rd8 (21... c4 $5 22. Qc2 $8 b5 $15) 22. Nf3 Bc6 23. Ne1 b5 24. Qc2 (24. Bxd5 $2 {is the wrong capture.} c4 25. Bxc4 bxc4 26. Rxd8+ Qxd8 27. Qxc4 Qd7 $19) 24... Qa7 25. Nd3 Bd7 26. Qe2 d4 27. exd4 cxd4 28. Ne5 Bxe5 29. Qxe5 dxc3 {Weighted Error Value: White=0.04 (flawless) /Black=0.04 (flawless)} 1/2-1/2

[Event "Cracovia Festival-A 2023"]
[Site "Krakow"]
[Date "2024.01.03"]
[Round "8.5"]
[White "Polak, Tomas"]
[Black "Baumegger, Siegfried"]
[Result "1/2-1/2"]
[ECO "A04"]
[WhiteElo "2517"]
[BlackElo "2388"]
[Annotator "TA"]
[PlyCount "144"]
[EventDate "2023.12.24"]
[EventType "swiss"]
[EventCountry "POL"]
[SourceTitle "playchess.com"]
[Source "ChessBase"]
[SourceQuality "1"]
[TimeControl "40/5400+30:1800+30"]

1. Nf3 c5 2. c4 g6 3. Nc3 Bg7 4. d4 cxd4 5. Nxd4 Nc6 6. Nb3 Nf6 7. g3 O-O 8. Bg2 d6 9. O-O Nd7 {[%emt 0:03:12] [#] E60: King's Indian: Unusual lines and Fianchetto Variation without Nc3.} 10. h3 $146 ({Predecessor:} 10. Na4 Nb6 11. Nxb6 Qxb6 12. Be3 Qa6 13. Nd4 Bxd4 14. Bxd4 Qxc4 15. Bc3 Be6 16. Qd2 Rfe8 17. Rfd1 {½-½ Pultinevicius,P (2395)-Hakobyan,A (2449) Somov Memorial 15th 2017 (5)}) 10... Bxc3 11. bxc3 Qc7 {[%emt 0:00:53] Black has an edge.} 12. Bh6 Re8 13. f4 (13. Nd4 $11) 13... Nd8 (13... b6 $17) 14. f5 Ne5 15. f6 Ne6 16. Nd2 (16. fxe7 $11 Bd7 17. Rb1) 16... Nc5 (16... Nxc4 $6 17. Nxc4 Qxc4 18. Qd2 $11) (16... exf6 17. Ne4 Nd7 18. g4 $14 (18. Nxf6+ Nxf6 19. Rxf6 Bd7 $11) (18. Qxd6 f5 $14) (18. Nxd6 Rd8 $15)) (16... Bd7 {with more complications.} 17. fxe7 Bc6 18. Bd5 Bxd5 19. cxd5 Qc5+) 17. Nf3 (17. Nb3 $15) 17... exf6 $17 18. Qd4 Qe7 19. Qh4 Nxf3+ (19... g5 $17 20. Qh5 Ne4 21. Nxe5 Nxg3 22. Qxf7+ Qxf7 23. Nxf7 Kxf7 24. Bxg5 Nxf1 25. Rxf1 Kg6 26. Bxf6 Rxe2) 20. exf3 (20. Rxf3 $15 Ne4 21. Re3) 20... Bd7 21. Rae1 Qxe1 $19 22. Rxe1 Rxe1+ 23. Kh2 Re6 (23... g5 24. Qd4 Re6 25. h4 $15) 24. Qd4 Bc6 25. g4 Rae8 26. Kg3 a5 27. h4 Nd7 28. a3 (28. Bd2 $17 {was worth a try.}) 28... Ne5 (28... Nc5 $19 29. Qd2 Nd7) 29. Kf2 $17 a4 30. Kg3 Nd7 31. Bf4 Ne5 (31... Re2 $19 {aiming for ...Ra2.} 32. Bf1 Ra2 33. Bxd6 Ne5 34. Bxe5 fxe5) 32. Bh6 Rc8 33. g5 Rce8 (33... Bd7 $17 34. Qb6 Rxc4 35. Qd8+ Be8 36. gxf6 Rxc3) 34. gxf6 $1 $11 Nd7 35. Bg5 {[%emt 0:00:52] [#]} (35. Bh3 $1 $11 {and White has nothing to worry.}) 35... h6 $1 $19 {[%emt 0:00:22][%mdl 576] Deflection} 36. Bxh6 Nxf6 {[%emt 0:00:09] And now ...Nh5+ would win.} 37. Bf1 Nh5+ 38. Kf2 Kh7 39. Bg5 f6 (39... Re1 $1 $17 40. Qxd6 Ra1) 40. Bd2 $11 Ng7 (40... R8e7 $11 {keeps the balance.}) 41. Bd3 ({Better is} 41. Qf4 $1 $16 ) 41... f5 $1 (41... Nf5 $2 42. Qg4 (42. Qf4 Bd7 $18) 42... Bd7 43. h5 $18) 42. Qf4 Kg8 {[%emt 0:00:23] [#]} (42... b6 $11 {remains equal.}) 43. c5 $1 $16 d5 (43... dxc5 $2 44. Bc4 $18) (43... Rd8 44. Be3) 44. c4 ({White should play} 44. Qd4 $16 R6e7 45. c4) 44... d4 $1 $11 45. Qxd4 Nh5 46. Bf4 Be4 47. Bd6 Bxd3 48. Qxd3 f4 49. Kg2 Re2+ 50. Kh3 $1 R8e6 51. Qd5 (51. c6 $5 bxc6 52. Bc5 $14) 51... Re1 52. Qg5 Rh1+ 53. Kg2 Ree1 $2 {[%emt 0:00:24][%mdl 8192] [#]} (53... Rhe1 $11 54. Kh3 (54. Bxf4 R6e2+ 55. Kh3 Rh1+ 56. Kg4 Rg2+ {[%mdl 64] Skewer}) 54... Rh1+ 55. Kg2 Rhe1 56. Kh3 (56. Bxf4 R6e2+ 57. Kh3 Rh1+ 58. Kg4 Rg2+ {[%mdl 64] Skewer})) 54. Qd8+ $2 (54. Bxf4 $2 Reg1+ 55. Kf2 Rxg5 $19) (54. Qxg6+ Ng7 55. Qf6 (55. Bxf4 $2 Reg1+ {[%mdl 64] Skewer} 56. Kf2 Rxg6 $19) 55... Rhg1+ 56. Kh2 Rh1+ 57. Kg2 Rhg1+ 58. Kh2 Rh1+ 59. Kg2 $11) (54. Qd5+ $1 $18 Kh7 55. Qxb7+ Ng7 56. Bxf4 Rhg1+ 57. Kh3 Rh1+ 58. Kg4 Rhg1+ 59. Bg3) 54... Kh7 55. Qc7+ Kg8 $2 (55... Ng7 $11) 56. Qc8+ $18 (56. Bxf4 Nxf4+ 57. Qxf4 Rhg1+ 58. Kf2 Rgf1+ 59. Kg2 Rg1+ 60. Kf2 Rgf1+ 61. Kg3 Rg1+ 62. Kh3 Rh1+ 63. Kg2 Rhg1+ $11) (56. Qxb7 Rhg1+ 57. Kf2 Rgf1+ 58. Kg2 Rg1+ 59. Kh2 Rh1+ 60. Kg2 Rhg1+ $11) 56... Kh7 57. Qxb7+ Kg8 $2 (57... Ng7) 58. Qc8+ (58. Qb8+ $142 Kf7 59. Qf8+ {[%mdl 64] Skewer} (59. Bxf4 Rhg1+ 60. Kf2 Rgf1+ 61. Kg2 Rg1+ 62. Kh2 Rh1+ 63. Kg2 Rhg1+ $11) 59... Ke6 60. Qe7+ (60. Bxf4 Nxf4+ 61. Qxf4 Rhg1+ 62. Kf2 Rgf1+ 63. Kg2 Rg1+ 64. Kh2 Rh1+ 65. Kg2 Rhg1+ $11) 60... Kf5 61. Qg5+ Ke6 62. Qd5+ (62. Bxf4 $2 Reg1+ 63. Kf2 Rxg5 $19) 62... Kf6 63. Be5+ Rxe5 64. Qd8+ Kf7 65. Kxh1 Ng3+ 66. Kg2) 58... Kh7 59. Qc7+ Kg8 $2 {[%emt 0:00:14] [#]} (59... Ng7 60. Bxf4 Rhg1+ 61. Kh3 Rh1+ 62. Kg4 Rhg1+ 63. Bg3 Kg8) 60. Qc8+ $2 (60. Bxf4 Rhg1+ 61. Kf2 Rgf1+ 62. Kg2 Rg1+ 63. Kh3 Nxf4+ 64. Qxf4 Rh1+ 65. Kg3 Rhg1+ 66. Kh3 Rh1+ 67. Kg3 Rhg1+ 68. Kh2 Rh1+ 69. Kg3 $11) (60. Qb8+ $1 $18 Kf7 61. Qf8+ {[%mdl 64] Skewer} (61. Bxf4 Rhg1+ 62. Kf2 Rgf1+ 63. Kg2 Rg1+ 64. Kh2 Rh1+ 65. Kg2 Rhg1+ $11) 61... Ke6 62. Qe7+ (62. Bxf4 Nxf4+ 63. Qxf4 Rhg1+ 64. Kf2 Rgf1+ 65. Kg2 Rg1+ 66. Kf2 Rgf1+ 67. Kg2 Rg1+ $11) 62... Kf5 63. Qg5+ Ke6 64. Qd5+ (64. Bxf4 $2 Reg1+ 65. Kf2 Rxg5 $19) 64... Kf6 65. Be5+ Rxe5 66. Qd8+ Kf7 67. Kxh1 Ng3+ 68. Kg2) 60... Kh7 $11 61. Qb7+ $2 (61. Qd7+ $11 Ng7 62. Bf8 (62. Bxf4 Reg1+ 63. Kf2 Rf1+ 64. Kg2 Rfg1+ 65. Kf2 Rf1+ 66. Ke3 Re1+ 67. Kd3 Rd1+ 68. Bd2 Rh2 $11) (62. Qxa4 Rhg1+ 63. Kh2 Rh1+ 64. Kg2 Rhg1+ 65. Kh2 Rh1+ 66. Kg2 $11) 62... Rhg1+ 63. Kf2 Rgf1+ 64. Kg2 Rg1+ 65. Kh2 Rh1+ 66. Kg2 Rhg1+) 61... Kg8 $1 $18 62. Qd5+ Kh7 63. Qf7+ Ng7 64. Bxf4 {[%emt 0:00:35] Threatens to win with Bh2.} Rhg1+ 65. Kf2 $2 (65. Kh3 $18 {Strongly threatening Bh2.} Rh1+ 66. Kg4 Rhg1+ 67. Kh3 Rh1+ 68. Kg4 Rhg1+ 69. Bg3) 65... Rgf1+ $11 66. Kg2 $2 (66. Kg3 $11 Kh8 67. Bh6 (67. Qxg6 $2 {too greedy.} Rg1+ {[%mdl 64] Skewer} 68. Kf2 Ref1+ 69. Ke2 Rxg6 $19) 67... Nf5+ 68. Kf4 Rxf3+ {[%mdl 64] Decoy} 69. Kxf3 Rf1+ 70. Kg2 Ne3+ 71. Bxe3 Rxf7 72. Kg3) 66... Rg1+ $18 67. Kh3 Ref1 $2 (67... Rh1+ 68. Kg4 Rhg1+ 69. Bg3 Kh6 70. Qf4+ Kh7) 68. c6 $2 (68. Be3 $18 {[%cal Oc5c6] White threatens c6! and mate.} g5 69. hxg5) 68... Rxf3+ $11 {[%emt 0:00:18] The position is equal.} 69. Kh2 {[%emt 0:00:03] Dancing on a razor blade.} Rgf1 $1 70. c7 R1f2+ 71. Kg1 Rf1+ 72. Kg2 R1f2+ {[%emt 0:00:34] White used his chance.   Weighted Error Value: White=0.49/Black=0.44} 1/2-1/2

[Event "Cracovia Festival-A 2023"]
[Site "Krakow"]
[Date "2024.01.03"]
[Round "8.6"]
[White "Soffer, Ram"]
[Black "Lewicki, Miroslaw"]
[Result "1-0"]
[ECO "A13"]
[WhiteElo "2444"]
[BlackElo "2321"]
[Annotator "RC"]
[PlyCount "119"]
[EventDate "2023.12.24"]
[EventType "swiss"]
[EventCountry "POL"]
[SourceTitle "playchess.com"]
[Source "ChessBase"]
[SourceQuality "1"]
[TimeControl "40/5400+30:1800+30"]

1. c4 e6 2. Nf3 Nf6 3. g3 d5 4. Bg2 Be7 5. d4 O-O 6. Nc3 dxc4 7. Ne5 Nc6 8. Bxc6 bxc6 9. Nxc6 Qe8 10. Nxe7+ Qxe7 11. Qa4 e5 12. dxe5 Qxe5 13. Bf4 Qe6 14. f3 Re8 15. O-O-O Bb7 16. Qa5 Re7 17. Bxc7 Ng4 18. Bf4 Nf2 19. Rd6 Qh3 20. Rd8+ Re8 21. Rxe8+ Rxe8 22. Qb5 Rf8 23. Re1 Bxf3 24. Qxc4 Ba8 25. Qd4 Qxh2 26. Rf1 Nh3 27. Bd6 Qg2 28. Bxf8 Qxf1+ 29. Nd1 Qf6 30. Qxa7 Qc6+ 31. Qc5 Qe6 32. Nc3 h6 33. Qd6 Qe3+ 34. Kc2 Be4+ 35. Kb3 Bf5 36. Qb8 Kh7 37. a4 Ng5 38. Qf4 Qe6+ 39. Kb4 Bc2 40. Ka5 Qd7 41. Qd6 Qe8 42. b4 Qa8+ 43. Kb6 Ne6 44. Be7 Bxa4 45. Nxa4 Qxa4 46. Qc6 Qa3 47. Qe4+ g6 48. Qf3 Qxf3 49. exf3 g5 50. Bc5 h5 51. Bf2 Kg6 52. b5 Kf6 53. Kc6 Ke7 54. b6 f5 55. Kd5 Kd7 56. b7 Nc7+ 57. Ke5 Na6 58. Kxf5 h4 59. gxh4 gxh4 60. Ba7 1-0

[Event "Cracovia Festival-A 2023"]
[Site "Krakow"]
[Date "2024.01.03"]
[Round "8.7"]
[White "Golubka, Petro"]
[Black "Antolak, Julia"]
[Result "1-0"]
[ECO "E20"]
[WhiteElo "2440"]
[BlackElo "2287"]
[Annotator "RC"]
[PlyCount "217"]
[EventDate "2023.12.24"]
[EventType "swiss"]
[EventCountry "POL"]
[SourceTitle "playchess.com"]
[Source "ChessBase"]
[SourceQuality "1"]
[TimeControl "40/5400+30:1800+30"]

1. d4 Nf6 2. c4 e6 3. Nc3 Bb4 4. f3 c5 5. d5 O-O 6. e4 b5 7. e5 exd5 8. exf6 d4 9. a3 Ba5 10. b4 dxc3 11. bxa5 Qxf6 12. Ne2 c2 13. Qd5 Qxa1 14. cxb5 Nc6 15. bxc6 Ba6 16. Kf2 dxc6 17. Qxc5 Rfe8 18. Qxc2 Qe5 19. Qc3 Rad8 20. Bb2 Qxc3 21. Bxc3 Rd3 22. Bb4 Rb3 23. Nd4 Rb2+ 24. Kg3 Rb1 25. Bxa6 Rxh1 26. Nxc6 Rc1 27. Ne7+ Kh8 28. Nf5 Re6 29. Bd3 Rd1 30. Bc2 Rd8 31. Be4 g6 32. Ne3 Kg7 33. Nc4 f6 34. Bb7 Rd4 35. Nd2 Re2 36. Ne4 Rd7 37. a6 f5 38. Nd6 h5 39. f4 Re6 40. Nc4 Rd3+ 41. Kf2 h4 42. Bc5 Kh7 43. Bxa7 Rc3 44. Ne5 Rxa3 45. Bc5 Raxa6 46. Bxa6 Rxa6 47. h3 Ra2+ 48. Kg1 Ra1+ 49. Kh2 Ra4 50. Nd3 Kh6 51. Ne5 Kh5 52. Nd7 Kh6 53. Bf8+ Kh7 54. Nf6+ Kh8 55. Bh6 Rd4 56. Ne8 Kg8 57. Nc7 Kf7 58. Nb5 Rd3 59. Bg5 Ke6 60. Bxh4 Kd5 61. Bf6 Ke4 62. Be5 Ke3 63. Kg3 Ke2+ 64. Kh4 Kf2 65. g4 Kg2 66. gxf5 Rxh3+ 67. Kg5 Rg3+ 68. Kf6 gxf5 69. Nd4 Kh3 70. Kxf5 Kh4 71. Ke6 Rg6+ 72. Bf6+ Kh5 73. f5 Rg1 74. Be5 Kh6 75. Kf7 Rf1 76. f6 Kg5 77. Kg7 Rxf6 78. Bxf6+ Kg4 79. Be5 Kg5 80. Kf7 Kg4 81. Kf6 Kh4 82. Kf5 Kh3 83. Kf4 Kg2 84. Ne2 Kf2 85. Ng3 Kg2 86. Bd4 Kh2 87. Kf3 Kh3 88. Nf1 Kh4 89. Ne3 Kh3 90. Be5 Kh4 91. Ng4 Kg5 92. Ne3 Kh4 93. Nd5 Kh3 94. Nf6 Kh4 95. Ne4 Kh3 96. Ng5+ Kh4 97. Kf4 Kh5 98. Kf5 Kh4 99. Bf4 Kh5 100. Bg3 Kh6 101. Ne6 Kh5 102. Ng7+ Kh6 103. Kf6 Kh7 104. Bf4 Kg8 105. Ne6 Kh7 106. Kf7 Kh8 107. Bc1 Kh7 108. Nf8+ Kh8 109. Bb2# 1-0

[Event "Cracovia Festival-A 2023"]
[Site "Krakow"]
[Date "2024.01.03"]
[Round "8.8"]
[White "Pajeken, Jakob Leon"]
[Black "Ashwath, R.."]
[Result "1/2-1/2"]
[ECO "C60"]
[WhiteElo "2428"]
[BlackElo "2284"]
[Annotator "RC"]
[PlyCount "30"]
[EventDate "2023.12.24"]
[EventType "swiss"]
[EventCountry "POL"]
[SourceTitle "playchess.com"]
[Source "ChessBase"]
[SourceQuality "1"]
[TimeControl "40/5400+30:1800+30"]

1. e4 e5 2. Nf3 Nc6 3. Bb5 Nge7 4. O-O Ng6 5. Nc3 Bc5 6. d3 Nd4 7. Nxd4 Bxd4 8. Ne2 Bb6 9. Be3 c6 10. Bc4 O-O 11. Bxb6 Qxb6 12. a4 Qxb2 13. Bb3 Nf4 14. Nxf4 exf4 15. Qf3 Qf6 1/2-1/2

[Event "Cracovia Festival-A 2023"]
[Site "Krakow"]
[Date "2024.01.03"]
[Round "8.9"]
[White "Dziewonski, Dariusz"]
[Black "Cukrowski, Filip"]
[Result "1/2-1/2"]
[ECO "B47"]
[WhiteElo "2224"]
[BlackElo "2402"]
[Annotator "RC"]
[PlyCount "84"]
[EventDate "2023.12.24"]
[EventType "swiss"]
[EventCountry "POL"]
[SourceTitle "playchess.com"]
[Source "ChessBase"]
[SourceQuality "1"]
[TimeControl "40/5400+30:1800+30"]

1. e4 c5 2. Nf3 e6 3. d4 cxd4 4. Nxd4 Nc6 5. Nc3 Qc7 6. Be2 a6 7. Nxc6 bxc6 8. Qd3 Nf6 9. Qg3 Qxg3 10. hxg3 e5 11. g4 Bb4 12. Bd2 d6 13. f3 Be6 14. O-O-O Nd7 15. Kb1 a5 16. g5 O-O 17. g3 f5 18. gxf6 Nxf6 19. a3 Bc5 20. Na4 Bd4 21. Bc3 c5 22. Nb6 Ra7 23. Bc4 Bxc4 24. Nxc4 Bxc3 25. bxc3 Ne8 26. Nxd6 Nxd6 27. Rxd6 Rxf3 28. Rd8+ Kf7 29. Rxh7 Rf1+ 30. Ka2 Rb7 31. Rhh8 Rc1 32. Rhf8+ Kg6 33. Rd6+ Kh7 34. Rf2 Rbb1 35. Rh2+ Kg8 36. Rd8+ Kf7 37. Rf2+ Kg6 38. Rd6+ Kh7 39. Rh2+ Kg8 40. Rd8+ Kf7 41. Rf2+ Kg6 42. Rd6+ Kh7 1/2-1/2

[Event "Cracovia Festival-A 2023"]
[Site "Krakow"]
[Date "2024.01.03"]
[Round "8.10"]
[White "Schwabeneder, Florian"]
[Black "Jaskolka, Tomasz"]
[Result "1/2-1/2"]
[ECO "B40"]
[WhiteElo "2402"]
[BlackElo "2222"]
[Annotator "RC"]
[PlyCount "132"]
[EventDate "2023.12.24"]
[EventType "swiss"]
[EventCountry "POL"]
[SourceTitle "playchess.com"]
[Source "ChessBase"]
[SourceQuality "1"]
[TimeControl "40/5400+30:1800+30"]

1. e4 c5 2. Nf3 e6 3. b3 b6 4. d4 cxd4 5. Nxd4 Bb7 6. Nd2 Bb4 7. Bb2 Nf6 8. a3 Bxd2+ 9. Qxd2 Nxe4 10. Qe3 d5 11. f3 Nf6 12. Nf5 Rg8 13. O-O-O Nc6 14. Bb5 a6 15. Bxc6+ Bxc6 16. Be5 Kd7 17. Nd6 Ke7 18. Rhe1 Nd7 19. Nf5+ Kf8 20. Bd6+ Ke8 21. Be7 Qc7 22. Qg5 h6 23. Qe3 Qe5 24. Qxe5 Nxe5 25. Rxe5 exf5 26. Bc5+ Kd8 27. Bxb6+ Kd7 28. Rxf5 f6 29. Rf4 Rge8 30. Rd2 Re1+ 31. Kb2 Rae8 32. Rfd4 Kd6 33. R4d3 R1e2 34. Bf2 Rxd2 35. Rxd2 Kc7 36. a4 f5 37. Kc3 g5 38. Kd3 Kd6 39. Rd1 Bd7 40. Re1 f4 41. Rxe8 Bxe8 42. Bd4 Bg6+ 43. Kd2 h5 44. Ba7 Kc7 45. Bc5 Kd7 46. Bf8 Ke6 47. b4 Be8 48. b5 axb5 49. a5 d4 50. a6 g4 51. Bh6 gxf3 52. gxf3 Bc6 53. Ke2 Ke5 54. Bg7+ Kd5 55. Kd3 Kd6 56. Bxd4 Bxf3 57. Bf2 Kc6 58. Kc3 Be4 59. Kb3 Kc7 60. c3 Kb8 61. Kb4 Bd3 62. Ka5 Ka8 63. Kb6 Bc4 64. Bd4 Bd3 65. Be5 Bc4 66. Bxf4 Bd3 1/2-1/2